Workbook

Sheet CUSTO (COM VALORES)
B1: PLANILHA ORÇAMENTÁRIA
B2: 1 - As informações mínimas que deverão constar da planilha são: Numeração do Item, Discriminação, Unidade, Quantidade, Custo Unitário do material, Custo Unitário de Mão de Obra, Custo total do Material por item, Custo total de Mão de Obra por Item, Subtotais de Material, subtotais de Mão de Obra, Total Geral de Material, Total Geral de Mão de Obra e Total Geral do Orçamento. 2 - A Planilha orçamentária abaixo deverá ser apresentada utilizando papel timbrado da empresa; 3 - Os Valores constantes na planilha deverão ser o valores de mercado, sem a aplicação do BDI; 4 - O BDI deverá estar destacado ao final da tabela, com o preenchimento dos campos específicos, conforme abaixo. A composição do BDI aplicado deverá ser detalhada. 5 - Os itens elencados abaixo são referentes a obra ora em licitação, e servirão de referências para cotação. Alterações nos itens e quantidades, somente poderão ocorrer com autorização da Comissão Permanente de Licitação. Manutenção Predial Sesc Mafra
A3: CÓDIGO | B3: CÓDIGO COMPOSIÇÃO | C3: Descrição | D3: Unidade | E3: Quantidade orçada | F3: Preço total por grupo
F4: Materiais | H4: Mão de Obra | J4: Preço total
F5: Unitário | G5: Total | H5: Unitário | I5: Total | J5: Unitário | K5: Total
A6: 01 | C6: COBERTURA | G6: =G7 -> 15500.029 | I6: =I7 -> 28405.503 | K6: =K7 -> 43905.532
A7: 01.001 | C7: COBERTURA | G7: =G8+G11+G14 -> 15500.029 | I7: =I8+I11+I14 -> 28405.503 | K7: =K8+K11+K14 -> 43905.532
A8: 01.001.001 | C8: TELHADOS | G8: =G9+G10 -> 4238.737 | I8: =I9+I10 -> 25344.472 | K8: =K9+K10 -> 29583.209
A9: 01.001.001.001 | B9: 80000 | C9: SUBSTITUIÇÃO DE PARAFUSOS METÁLICOS | D9: m2 | E9: 1137.78 | F9: 3.15 | G9: =F9*E9 -> 3584.007 | H9: 20.936 | I9: =H9*E9 -> 23820.562 | J9: =H9+F9 -> 24.086 | K9: =I9+G9 -> 27404.569
A10: 01.001.001.002 | B10: 80002 | C10: APLICAÇÃO DE SELANTE EM RUFOS E PARAFUSOS | D10: m | E10: 100 | F10: 6.5473 | G10: =F10*E10 -> 654.73 | H10: 15.2391 | I10: =H10*E10 -> 1523.91 | J10: =H10+F10 -> 21.7864 | K10: =I10+G10 -> 2178.64
A11: 01.001.002 | C11: CALHAS | G11: =G12+G13 -> 9324.3156 | I11: =I12+I13 -> 2218.0092 | K11: =K12+K13 -> 11542.325
A12: 01.001.002.001 | B12: 10509 (SINAPI) | C12: CALHA EM CHAPA DE AÇO GALVANIZADO NÚMERO 24, DESENVOLVIMENTO DE 50 CM, INCLUSO TRANSPORTE VERTICAL. AF_07/2019 | D12: m | E12: 120 | F12: 77.0479 | G12: =F12*E12 -> 9245.748 | H12: 16.9595 | I12: =H12*E12 -> 2035.14 | J12: =H12+F12 -> 94.0074 | K12: =I12+G12 -> 11280.888
A13: 01.001.002.002 | B13: 80002 | C13: APLICAÇÃO DE SELANTE EM RUFOS E PARAFUSOS | D13: m | E13: 12 | F13: 6.5473 | G13: =F13*E13 -> 78.5676 | H13: 15.2391 | I13: =H13*E13 -> 182.8692 | J13: =H13+F13 -> 21.7864 | K13: =I13+G13 -> 261.4368
A14: 01.001.003 | C14: RUFOS | G14: =G15+G16+G17 -> 1936.9761 | I14: =I15+I16+I17 -> 843.02188 | K14: =K15+K16+K17 -> 2779.998
A15: 01.001.003.001 | B15: 80001 | C15: RETIRADA RUFOS METALICOS EM COBERTURA | D15: m | E15: 15 | G15: =F15*E15 -> 0 | H15: 19.5776 | I15: =H15*E15 -> 293.664 | J15: =H15+F15 -> 19.5776 | K15: =I15+G15 -> 293.664
A16: 01.001.003.002 | B16: 80002 | C16: APLICAÇÃO DE SELANTE EM RUFOS E PARAFUSOS | D16: m | E16: 12 | F16: 6.5473 | G16: =F16*E16 -> 78.5676 | H16: 15.2391 | I16: =H16*E16 -> 182.8692 | J16: =H16+F16 -> 21.7864 | K16: =I16+G16 -> 261.4368
A17: 01.001.003.003 | B17: 5074 (SINAPI) | C17: RUFO EXTERNO/INTERNO EM CHAPA DE AÇO GALVANIZADO NÚMERO 26, CORTE DE 33 CM, INCLUSO IÇAMENTO. AF_07/2019 | D17: m | E17: 35.74 | F17: 51.998 | G17: =F17*E17 -> 1858.4085 | H17: 10.2543 | I17: =H17*E17 -> 366.48868 | J17: =H17+F17 -> 62.2523 | K17: =I17+G17 -> 2224.8972
A18: 02 | C18: FACHADAS | G18: =G19 -> 115776.07 | I18: =I19 -> 39504.528 | K18: =K19 -> 155280.6
A19: 02.001 | C19: FACHADAS | G19: =G20+G26+G29+G32 -> 115776.07 | I19: =I20+I26+I29+I32 -> 39504.528 | K19: =K20+K26+K29+K32 -> 155280.6
A20: 02.001.001 | C20: REVESTIMENTO ARGAMASSADO | G20: =G21+G22+G23+G24+G25 -> 18405.722 | I20: =I21+I22+I23+I24+I25 -> 18367.315 | K20: =K21+K22+K23+K24+K25 -> 36773.038
A21: 02.001.001.001 | B21: 8155 (SINAPI) | C21: APLICAÇÃO MANUAL DE FUNDO SELADOR ACRÍLICO EM PANOS CEGOS DE FACHADA (SEM PRESENÇA DE VÃOS) DE EDIFÍCIOS DE MÚLTIPLOS PAVIMENTOS. AF_06/2014 | D21: m2 | E21: 923.76 | F21: 1.3248 | G21: =F21*E21 -> 1223.7972 | H21: 0.9101 | I21: =H21*E21 -> 840.71398 | J21: =H21+F21 -> 2.2349 | K21: =I21+G21 -> 2064.5112
A22: 02.001.001.002 | B22: 8192 (SINAPI) | C22: APLICAÇÃO MANUAL DE PINTURA COM TINTA LÁTEX ACRÍLICA EM PAREDES, DUAS DEMÃOS. AF_06/2014 | D22: m2 | E22: 923.76 | F22: 8.6658 | G22: =F22*E22 -> 8005.1194 | H22: 7.3263 | I22: =H22*E22 -> 6767.7429 | J22: =H22+F22 -> 15.9921 | K22: =I22+G22 -> 14772.862
A23: 02.001.001.003 | B23: 10886 (SINAPI) | C23: TEXTURA ACRÍLICA, APLICAÇÃO MANUAL EM PAREDE, UMA DEMÃO. AF_09/2016 | D23: m2 | E23: 923.76 | F23: 7.1364 | G23: =F23*E23 -> 6592.3209 | H23: 7.3575 | I23: =H23*E23 -> 6796.5642 | J23: =H23+F23 -> 14.4939 | K23: =I23+G23 -> 13388.885
A24: 02.001.001.004 | B24: 80009 | C24: TRATAMENTO DE FISSURAS E TRINCAS | D24: m | E24: 57 | F24: 16.0047 | G24: =F24*E24 -> 912.2679 | H24: 27.7399 | I24: =H24*E24 -> 1581.1743 | J24: =H24+F24 -> 43.7446 | K24: =I24+G24 -> 2493.4422
A25: 02.001.001.005 | B25: 12236 (SINAPI) | C25: TRATAMENTO DE JUNTA DE DILATAÇÃO, COM TARUGO DE POLIETILENO E SELANTE PU, INCLUSO PREENCHIMENTO COM ESPUMA EXPANSIVA PU. AF_06/2018 | D25: m | E25: 36.1 | F25: 46.3218 | G25: =F25*E25 -> 1672.217 | H25: 65.959 | I25: =H25*E25 -> 2381.1199 | J25: =H25+F25 -> 112.2808 | K25: =I25+G25 -> 4053.3369
A26: 02.001.002 | C26: ELEMENTOS EM MADEIRA | G26: =G27+G28 -> 96373.578 | I26: =I27+I28 -> 19786.059 | K26: =K27+K28 -> 116159.64
A27: 02.001.002.001 | B27: 11889 | C27: REMOÇÃO DE TAPUME/ CHAPAS METÁLICAS E DE MADEIRA, DE FORMA MANUAL, SEM REAPROVEITAMENTO. AF_12/2017 | D27: m2 | E27: 376.68 | G27: =F27*E27 -> 0 | H27: 2.7375 | I27: =H27*E27 -> 1031.1615 | J27: =H27+F27 -> 2.7375 | K27: =I27+G27 -> 1031.1615
A28: 02.001.002.002 | B28: 80025 | C28: PAINEL ALUMINIO COMPOSTO (ACM) E=3mm 1,22X2,50m | D28: m2 | E28: 376.68 | F28: 255.85 | G28: =F28*E28 -> 96373.578 | H28: 49.79 | I28: =H28*E28 -> 18754.897 | J28: =H28+F28 -> 305.64 | K28: =I28+G28 -> 115128.48
A29: .02.001.003 | C29: ELEMENTOS EM CONCRETO | G29: =G30+G31 -> 950.58 | I29: =I30+I31 -> 251.88 | K29: =K30+K31 -> 1202.46
A30: .02.001.003.001 | B30: 800020 | C30: APLICAÇÃO DE COMPONENTE ANTICORROSIVO NA SUPERFÍCIE DE AÇO LIMPO | D30: m2 | E30: 3 | F30: 6.9 | G30: =F30*E30 -> 20.7 | H30: 2.45 | I30: =H30*E30 -> 7.35 | J30: =H30+F30 -> 9.35 | K30: =I30+G30 -> 28.05
A31: .02.001.003.002 | B31: 800021 | C31: REPARO ESTRUTURAL EM ESTRUTURAS DE CONCRETO COM ARGAMASSA POLIMÉRICA DE ALTO DESEMPENHO, E=2CM | D31: m2 | E31: 3 | F31: 309.96 | G31: =F31*E31 -> 929.88 | H31: 81.51 | I31: =H31*E31 -> 244.53 | J31: =H31+F31 -> 391.47 | K31: =I31+G31 -> 1174.41
A32: .02.001.004 | C32: HIDROJATEAMENTO | G32: =G33 -> 46.188 | I32: =I33 -> 1099.2744 | K32: =K33 -> 1145.4624
A33: .02.001.004.001 | B33: 12417 (SINAPI) | C33: LIMPEZA DE SUPERFÍCIE COM JATO DE ALTA PRESSÃO. AF_04/2019 | D33: m2 | E33: 923.76 | F33: 0.05 | G33: =F33*E33 -> 46.188 | H33: 1.19 | I33: =H33*E33 -> 1099.2744 | J33: =H33+F33 -> 1.24 | K33: =I33+G33 -> 1145.4624
A34: 03 | C34: ÁREAS EXTERNAS | G34: =G35+G50+G61+G65 -> 46886.33 | I34: =I35+I50+I61+I65 -> 42646.859 | K34: =K35+K50+K61+K65 -> 91556.408
A35: 03.001 | C35: ÁREAS EXTERNAS | G35: =G36+G42+G39+G44+G48 -> 4164.5914 | I35: =I36+I42+I39+I44+I48 -> 18196.428 | K35: =K36+K42+K39+K44+K48 -> 24384.24
A36: 03.001.002 | C36: REVESTIMENTO CERÂMICO | G36: =G37+G38 -> 347.356 | I36: =I37+I38+I39+I40+I41 -> 10767.994 | K36: =K37+K38+K39+K40+K41 -> 13138.57
A37: 03.001.002.001 | B37: 80005 | C37: RETIRADA DE REVESTIMENTO DE PISO CERAMICO | D37: m2 | E37: 5 | G37: =F37*E37 -> 0 | H37: 86.9917 | I37: =H37*E37 -> 434.9585 | J37: =H37+F37 -> 86.9917 | K37: =I37+G37 -> 434.9585
A38: 03.001.002.002 | B38: 7736 (SINAPI) | C38: REVESTIMENTO CERÂMICO PARA PISO COM PLACAS TIPO ESMALTADA EXTRA DE DIMENSÕES 60X60 CM APLICADA EM AMBIENTES DE ÁREA MENOR QUE 5 M2. AF_06/2014 | D38: m2 | E38: 5 | F38: 69.4712 | G38: =F38*E38 -> 347.356 | H38: 36.2545 | I38: =H38*E38 -> 181.2725 | J38: =H38+F38 -> 105.7257 | K38: =I38+G38 -> 528.6285
A39: 03.001.003 | C39: PAVIMENTAÇÃO EM PAVER | G39: =G40+G41 -> 1011.6102 | I39: =I40+I41 -> 5075.8814 | K39: =K40+K41 -> 6087.4916
A40: 03.001.003.001 | B40: 80003 | C40: HIDROJATEAMENTO (ÁREA INTERNA DO TERRENO, PÁTIO COBERTO E CALÇAMENTO EXTERNA QUE CIRCUNDA AO TERRENO) | D40: m2 | E40: 556.01 | F40: 0.3773 | G40: =F40*E40 -> 209.78257 | H40: 4.1666 | I40: =H40*E40 -> 2316.6713 | J40: =H40+F40 -> 4.5439 | K40: =I40+G40 -> 2526.4538
A41: 03.001.003.002 | B41: 6100 (SINAPI) | C41: REASSENTAMENTO DE BLOCOS RETANGULAR PARA PISO INTERTRAVADO, ESPESSURA DE 6 CM, EM CALÇADA, COM REAPROVEITAMENTO DOS BLOCOS RETANGULAR - INCLUSO RETIRADA E COLOCAÇÃO DO MATERIAL. AF_12/2020 | D41: m2 | E41: 86.7 | F41: 9.2483 | G41: =F41*E41 -> 801.82761 | H41: 31.8248 | I41: =H41*E41 -> 2759.2102 | J41: =H41+F41 -> 41.0731 | K41: =I41+G41 -> 3561.0378
A42: 03.001.004 | C42: PAVIMENTAÇÃO EM PLACAS DE CONCRETO | G42: =G43 -> 280.5558 | I42: =I43 -> 186.1203 | K42: =K43 -> 466.6761
A43: 03.001.004.001 | B43: 80004 | C43: FORNECIMENTO E INSTALAÇÃO - PISO EM PEÇAS DE CONCRETO APLICADO EM CALÇADAS OU PISOS EXTERNOS | D43: m2 | E43: 3 | F43: 93.5186 | G43: =F43*E43 -> 280.5558 | H43: 62.0401 | I43: =H43*E43 -> 186.1203 | J43: =H43+F43 -> 155.5587 | K43: =I43+G43 -> 466.6761
A44: 03.001.006 | C44: ELEMENTOS METÁLICOS (MOURÕES E PLACAS) | G44: =G45+G46+G47 -> 2504.8326 | I44: =I45+I46+I47 -> 2130.81 | K44: =K45+K46+K47 -> 4635.6426
A45: 03.001.006.001 | B45: 80008 | C45: TRATAMENTO DE CORROSÃO DOS ELEMENTOS METÁLICOS | D45: m2 | E45: 26.42 | F45: 81.503 | G45: =F45*E45 -> 2153.3093 | H45: 17.3457 | I45: =H45*E45 -> 458.27339 | J45: =H45+F45 -> 98.8487 | K45: =I45+G45 -> 2611.5827
A46: 03.001.006.002 | B46: 5334 (SINAPI) | C46: PINTURA COM TINTA ALQUÍDICA DE ACABAMENTO (ESMALTE SINTÉTICO ACETINADO) APLICADA A ROLO OU PINCEL SOBRE SUPERFÍCIES METÁLICAS (EXCETO PERFIL) EXECUTADO EM OBRA (02 DEMÃOS). AF_01/2020 | D46: m2 | E46: 26.42 | F46: 10.1552 | G46: =F46*E46 -> 268.30038 | H46: 42.3697 | I46: =H46*E46 -> 1119.4075 | J46: =H46+F46 -> 52.5249 | K46: =I46+G46 -> 1387.7079
A47: 03.001.006.003 | B47: 80000 | C47: SUBSTITUIÇÃO DE PARAFUSOS METÁLICOS | D47: m2 | E47: 26.42 | F47: 3.15 | G47: =F47*E47 -> 83.223 | H47: 20.936 | I47: =H47*E47 -> 553.12912 | J47: =H47+F47 -> 24.086 | K47: =I47+G47 -> 636.35212
A48: 03.001.007 | C48: ELÉTRICA | G48: =G49 -> 20.2368 | I48: =I49 -> 35.6228 | K48: =K49 -> 55.8596
A49: 03.001.007.001 | B49: 80010 | C49: SUBSTITUIÇAÕ DE CABOS ELÉTRICOS POR CABO TIPO PP | D49: m | E49: 4 | F49: 5.0592 | G49: =F49*E49 -> 20.2368 | H49: 8.9057 | I49: =H49*E49 -> 35.6228 | J49: =H49+F49 -> 13.9649 | K49: =I49+G49 -> 55.8596
A50: 03.002 | C50: MURO DE DIVISA | G50: =G51+G54+G56+G59 -> 11203.033 | I50: =I51+I54+I56+I59 -> 3628.4009 | K50: =K51+K54+K56+K59 -> 14831.434
A51: 03.002.001 | C51: REVESTIMENTO ARGAMASSADO | G51: =G52+G53 -> 1554.5429 | I51: =I52+I53 -> 1686.5307 | K51: =K52+K53 -> 3241.0736
A52: 03.002.001.001 | B52: 80009 | C52: TRATAMENTO DE FISSURAS E TRINCAS | D52: m | E52: 26.2 | F52: 16.0047 | G52: =F52*E52 -> 419.32314 | H52: 27.7399 | I52: =H52*E52 -> 726.78538 | J52: =H52+F52 -> 43.7446 | K52: =I52+G52 -> 1146.1085
A53: 03.002.001.002 | B53: 8192 (SINAPI) | C53: APLICAÇÃO MANUAL DE PINTURA COM TINTA LÁTEX ACRÍLICA EM PAREDES, DUAS DEMÃOS. AF_06/2014 | D53: m2 | E53: 131 | F53: 8.6658 | G53: =F53*E53 -> 1135.2198 | H53: 7.3263 | I53: =H53*E53 -> 959.7453 | J53: =H53+F53 -> 15.9921 | K53: =I53+G53 -> 2094.9651
A54: 03.002.002 | C54: RUFOS | G54: =G55 -> 381.54117 | I54: =I55 -> 71.839999 | K54: =K55 -> 453.38117
A55: 03.002.002.001 | B55: 6184 (SINAPI) | C55: CHAPIM (RUFO CAPA) EM AÇO GALVANIZADO, CORTE 33. AF_11/2020 | D55: m | E55: 9.53 | F55: 40.0358 | G55: =F55*E55 -> 381.54117 | H55: 7.5383 | I55: =H55*E55 -> 71.839999 | J55: =H55+F55 -> 47.5741 | K55: =I55+G55 -> 453.38117
A56: 03.002.003 | C56: DRENAGEM | G56: =G57+G58 -> 8684.4389 | I56: =I57+I58 -> 1080.3778 | K56: =K57+K58 -> 9764.8167
A57: 03.002.003.001 | B57: 80011 | C57: SUBSTITUIÇÃO DE CALHAS/CANALETAS DE CONCRETO | D57: m | E57: 17.19 | F57: 499.2883 | G57: =F57*E57 -> 8582.7659 | H57: 59.6477 | I57: =H57*E57 -> 1025.344 | J57: =H57+F57 -> 558.936 | K57: =I57+G57 -> 9608.1098
A58: 03.002.003.002 | B58: 80012 | C58: ATERRO COMPACTADO MEIO MANUAL COM SAIBRO/ARENOSO | D58: m3 | E58: 0.5 | F58: 203.346 | G58: =F58*E58 -> 101.673 | H58: 110.0677 | I58: =H58*E58 -> 55.03385 | J58: =H58+F58 -> 313.4137 | K58: =I58+G58 -> 156.70685
A59: 03.002.004 | C59: ESCADAS | G59: =G60 -> 582.51001 | I59: =I60 -> 789.65242 | K59: =K60 -> 1372.1624
A60: 03.002.004.001 | B60: 6465 (SINAPI) | C60: PINTURA DE PISO COM TINTA ACRÍLICA, APLICAÇÃO MANUAL, 3 DEMÃOS, INCLUSO FUNDO PREPARADOR. AF_05/2021 | D60: m2 | E60: 53.82 | F60: 10.8233 | G60: =F60*E60 -> 582.51001 | H60: 14.6721 | I60: =H60*E60 -> 789.65242 | J60: =H60+F60 -> 25.4954 | K60: =I60+G60 -> 1372.1624
A61: 03.003 | C61: CASA DE GÁS | G61: =G62 -> 419.07789 | I61: =I62 -> 560.59406 | K61: =K62 -> 979.67194
A62: 03.003.001 | C62: REVESTIMENTO ARGAMASSADO | G62: =G63+G64 -> 419.07789 | I62: =I63+I64 -> 560.59406 | K62: =K63+K64 -> 979.67194
A63: 03.003.001.001 | B63: 80009 | C63: TRATAMENTO DE FISSURAS E TRINCAS | D63: m | E63: 14.7 | F63: 16.0047 | G63: =F63*E63 -> 235.26909 | H63: 27.7399 | I63: =H63*E63 -> 407.77653 | J63: =H63+F63 -> 43.7446 | K63: =I63+G63 -> 643.04562
A64: 03.003.001.002 | B64: 12216(SINAPI) | C64: IMPERMEABILIZAÇÃO DE SUPERFÍCIE COM MEMBRANA À BASE DE RESINA ACRÍLICA, 3 DEMÃOS. AF_06/2018 | D64: m2 | E64: 7.35 | F64: 25.008 | G64: =F64*E64 -> 183.8088 | H64: 20.7915 | I64: =H64*E64 -> 152.81752 | J64: =H64+F64 -> 45.7995 | K64: =I64+G64 -> 336.62632
A65: 03.004 | C65: CAIXA D'ÁGUA | G65: =G66 -> 31099.627 | I65: =I66 -> 20261.435 | K65: =K66 -> 51361.062
A66: 03.004.001 | C66: ESTRUTURA METÁLICA | G66: =G67+G68 -> 31099.627 | I66: =I67+I68 -> 20261.435 | K66: =K67+K68 -> 51361.062
A67: 03.004.001.001 | B67: 80008 | C67: TRATAMENTO DE CORROSÃO DOS ELEMENTOS METÁLICAS | D67: m2 | E67: 339.3 | F67: 81.503 | G67: =F67*E67 -> 27653.968 | H67: 17.3457 | I67: =H67*E67 -> 5885.396 | J67: =H67+F67 -> 98.8487 | K67: =I67+G67 -> 33539.364
A68: 03.004.001.002 | B68: 5334 (SINAPI) | C68: PINTURA COM TINTA ALQUÍDICA DE ACABAMENTO (ESMALTE SINTÉTICO ACETINADO) APLICADA A ROLO OU PINCEL SOBRE SUPERFÍCIES METÁLICAS (EXCETO PERFIL) EXECUTADO EM OBRA (02 DEMÃOS). AF_01/2020 | D68: m2 | E68: 339.3 | F68: 10.1552 | G68: =F68*E68 -> 3445.6594 | H68: 42.3697 | I68: =H68*E68 -> 14376.039 | J68: =H68+F68 -> 52.5249 | K68: =I68+G68 -> 17821.699
A69: 04 | C69: ÁREAS INTERNAS (SUBSOLO) | G69: =G70+G88+G99+G105+G110+G114+G118+G126+G131+G134+G142+G150+G153+G161+G167+G171 -> 23429.001 | I69: =I70+I88+I99+I105+I110+I114+I118+I126+I131+I134+I142+I150+I153+I161+I167+I171 -> 16218.192 | K69: =K70+K88+K99+K105+K110+K114+K118+K126+K131+K134+K142+K150+K153+K161+K167+K171 -> 39647.193
A70: 04.001 | C70: REFEITORIO | G70: =G71+G77+G80+G83 -> 1075.4889 | I70: =I71+I77+I80+I83 -> 1901.7045 | K70: =K71+K77+K80+K83 -> 2977.1934
A71: 04.001.001 | C71: REVESTIMENTO ARGAMASSADO | G71: =G72+G73 -> 285.22408 | I71: =I72+I73 -> 269.55429 | K71: =K72+K73 -> 554.77836
A72: 04.001.001.001 | B72: 80009 | C72: TRATAMENTO DE FISSURAS E TRINCAS | D72: m | E72: 2 | F72: 16.0047 | G72: =F72*E72 -> 32.0094 | H72: 27.7399 | I72: =H72*E72 -> 55.4798 | J72: =H72+F72 -> 43.7446 | K72: =I72+G72 -> 87.4892
A73: 04.001.001.002 | B73: 8192 (SINAPI) | C73: APLICAÇÃO MANUAL DE PINTURA COM TINTA LÁTEX ACRÍLICA EM PAREDES, DUAS DEMÃOS. AF_06/2014 | D73: m2 | E73: 29.22 | F73: 8.6658 | G73: =F73*E73 -> 253.21468 | H73: 7.3263 | I73: =H73*E73 -> 214.07449 | J73: =H73+F73 -> 15.9921 | K73: =I73+G73 -> 467.28916
A74: 04.001.001.003 | C74: DEMOLIÇÃO DE PILARES E VIGAS EM CONCRETO ARMADO, DE FORMA MANUAL, SEM REAPROVEITAMENTO. AF_12/2017 | D74: m3 | E74: 0.84 | F74: 0 | G74: =F74*E74 -> 0 | H74: 57.0027 | I74: =H74*E74 -> 47.882268 | J74: =H74+F74 -> 57.0027 | K74: =I74+G74 -> 47.882268
A75: 04.001.001.004 | B75: 10621 (SINAPI) | C75: JANELA DE ALUMÍNIO DE CORRER COM 2 FOLHAS PARA VIDROS, COM VIDROS, BATENTE, ACABAMENTO COM ACETATO OU BRILHANTE E FERRAGENS. EXCLUSIVE ALIZAR E CONTRAMARCO. FORNECIMENTO E INSTALAÇÃO. AF_12/2019 | D75: m2 | E75: 4.2 | F75: 473.719 | G75: =F75*E75 -> 1989.6198 | H75: 21.8152 | I75: =H75*E75 -> 91.62384 | J75: =H75+F75 -> 495.5342 | K75: =I75+G75 -> 2081.2436
A76: 04.001.001.005 | B76: 10271 (SINAPI) | C76: VERGA PRÉ-MOLDADA PARA JANELAS COM MAIS DE 1,5 M DE VÃO. AF_03/2016 | D76: m | E76: 8.4 | F76: 71.3954 | G76: =F76*E76 -> 599.72136 | H76: 14.1828 | I76: =H76*E76 -> 119.13552 | J76: =H76+F76 -> 85.5782 | K76: =I76+G76 -> 718.85688
A77: 04.001.002 | C77: FORRO REMOVÍVEL | G77: =G78+G79 -> 301.752 | I77: =I78+I79 -> 46.1636 | K77: =K78+K79 -> 347.9156
A78: 04.001.002.001 | B78: 80013 | C78: REMOÇÃO DE FORRO REMOVÍVEL | D78: m2 | E78: 2 | G78: =F78*E78 -> 0 | H78: 1.8973 | I78: =H78*E78 -> 3.7946 | J78: =H78+F78 -> 1.8973 | K78: =I78+G78 -> 3.7946
A79: 04.001.002.002 | B79: 80014 | C79: FORRO REMOVIVEL FIBRA MINERAL, PLACA BORDA QUADRADA (625X625)MM, ESPESSURA APROX. 12MM COM INDICE ABSORCAO ACUSTICA | D79: m2 | E79: 2 | F79: 150.876 | G79: =F79*E79 -> 301.752 | H79: 21.1845 | I79: =H79*E79 -> 42.369 | J79: =H79+F79 -> 172.0605 | K79: =I79+G79 -> 344.121
A80: 04.001.003 | C80: REVESTIMENTO CERÂMICO | G80: =G81+G82 -> 69.4712 | I80: =I81+I82 -> 123.2462 | K80: =K81+K82 -> 192.7174
A81: 04.001.003.001 | B81: 80005 | C81: RETIRADA DE REVESTIMENTO DE PISO CERAMICO | D81: m2 | E81: 1 | G81: =F81*E81 -> 0 | H81: 86.9917 | I81: =H81*E81 -> 86.9917 | J81: =H81+F81 -> 86.9917 | K81: =I81+G81 -> 86.9917
A82: 04.001.003.002 | B82: 7736 (SINAPI) | C82: REVESTIMENTO CERÂMICO PARA PISO COM PLACAS TIPO ESMALTADA EXTRA DE DIMENSÕES 60X60 CM APLICADA EM AMBIENTES DE ÁREA MENOR QUE 5 M2. AF_06/2014 | D82: m2 | E82: 1 | F82: 69.4712 | G82: =F82*E82 -> 69.4712 | H82: 36.2545 | I82: =H82*E82 -> 36.2545 | J82: =H82+F82 -> 105.7257 | K82: =I82+G82 -> 105.7257
A83: 04.001.004 | C83: SISTEMA DE EXAUSTÃO | G83: =G84+G85+G86+G87 -> 419.0416 | I83: =I84+I85+I86+I87 -> 1462.7404 | K83: =K84+K85+K86+K87 -> 1881.782
A84: 04.001.004.001 | B84: 12451 (SINAPI) | C84: DUTO ALUMINIZADO FLEXIVEL 100mm 4"" | D84: m | E84: 8 | F84: 11.99 | G84: =F84*E84 -> 95.92 | H84: 60.8255 | I84: =H84*E84 -> 486.604 | J84: =H84+F84 -> 72.8155 | K84: =I84+G84 -> 582.524
A85: 04.001.004.002 | B85: 7455 (SINAPI) | C85: COMPOSIÇÃO PARAMÉTRICA DE PONTO ELÉTRICO DE TOMADA DE USO GERAL 2P+T (10A/250V) EM EDIFÍCIO RESIDENCIAL COM ELETRODUTO EMBUTIDO EM RASGOS NAS PAREDES, INCLUSO TOMADA, ELETRODUTO, CABO, RASGO, QUEBRA E CHUMBAMENTO. AF_11/2022 | D85: un | E85: 1 | F85: 51.5576 | G85: =F85*E85 -> 51.5576 | H85: 99.5239 | I85: =H85*E85 -> 99.5239 | J85: =H85+F85 -> 151.0815 | K85: =I85+G85 -> 151.0815
A86: 04.001.004.003 | B86: 9192 (SINAPI) | C86: FIXAÇÃO DE TUBOS HORIZONTAIS DE PVC, CPVC OU COBRE DIÂMETROS MENORES OU IGUAIS A 40 MM OU ELETROCALHAS ATÉ 150MM DE LARGURA, COM ABRAÇADEIRA METÁLICA RÍGIDA TIPO D 1/2?, FIXADA EM PERFILADO EM LAJE. AF_05/2015 | D86: m | E86: 8 | F86: 0.6955 | G86: =F86*E86 -> 5.564 | H86: 2.32 | I86: =H86*E86 -> 18.56 | J86: =H86+F86 -> 3.0155 | K86: =I86+G86 -> 24.124
A87: 04.001.004.004 | B87: 80024 | C87: FORNECIMENTO E INSTALACAO DE EXAUSTOR | D87: un | E87: 1 | F87: 266 | G87: =F87*E87 -> 266 | H87: 858.0525 | I87: =H87*E87 -> 858.0525 | J87: =H87+F87 -> 1124.0525 | K87: =I87+G87 -> 1124.0525
A88: 04.002 | C88: CORREDOR/PÁTIO INTERNO SUBSOLO | G88: =G89+G94+G96 -> 2129.2986 | I88: =I89+I94+I96 -> 1424.0773 | K88: =K89+K94+K96 -> 3553.376
A89: 04.002.001 | C89: REVESTIMENTO ARGAMASSADO | G89: =G90+G91+G92+G93 -> 1519.8046 | I89: =I90+I91+I92+I93 -> 1325.8835 | K89: =K90+K91+K92+K93 -> 2845.6882
A90: 04.002.001.001 | B90: 80009 | C90: TRATAMENTO DE FISSURAS E TRINCAS | D90: m | E90: 2 | F90: 16.0047 | G90: =F90*E90 -> 32.0094 | H90: 27.7399 | I90: =H90*E90 -> 55.4798 | J90: =H90+F90 -> 43.7446 | K90: =I90+G90 -> 87.4892
A91: 04.002.001.002 | B91: 80015 | C91: LIMPEZA MANUAL COM HIPOCLORITO DE SÓDIO | D91: m2 | E91: 4 | F91: 0.0854 | G91: =F91*E91 -> 0.3416 | H91: 2.4231 | I91: =H91*E91 -> 9.6924 | J91: =H91+F91 -> 2.5085 | K91: =I91+G91 -> 10.034
A92: 04.002.001.003 | B92: 10886 (SINAPI) | C92: TEXTURA ACRÍLICA, APLICAÇÃO MANUAL EM PAREDE, UMA DEMÃO. AF_09/2016 | D92: m2 | E92: 2.4 | F92: 7.1364 | G92: =F92*E92 -> 17.12736 | H92: 7.3575 | I92: =H92*E92 -> 17.658 | J92: =H92+F92 -> 14.4939 | K92: =I92+G92 -> 34.78536
A93: 04.002.001.004 | B93: 8192 (SINAPI) | C93: APLICAÇÃO MANUAL DE PINTURA COM TINTA LÁTEX ACRÍLICA EM PAREDES, DUAS DEMÃOS. AF_06/2014 | D93: m2 | E93: 169.67 | F93: 8.6658 | G93: =F93*E93 -> 1470.3263 | H93: 7.3263 | I93: =H93*E93 -> 1243.0533 | J93: =H93+F93 -> 15.9921 | K93: =I93+G93 -> 2713.3796
A94: 04.002.002 | C94: SISTEMA PREVENTIVO CONTRA INCÊNDIOS | G94: =G95 -> 5.99 | I94: =I95 -> 5.8666 | K94: =K95 -> 11.8566
A95: 04.002.002.001 | B95: 80016 | C95: PLACA FOTOLUMINESCENTE EXTINTOR INCENDIO PQS 21x21cm | D95: un | E95: 1 | F95: 5.99 | G95: =F95*E95 -> 5.99 | H95: 5.8666 | I95: =H95*E95 -> 5.8666 | J95: =H95+F95 -> 11.8566 | K95: =I95+G95 -> 11.8566
A96: 04.002.003 | C96: FORRO REMOVÍVEL | G96: =G97+G98 -> 603.504 | I96: =I97+I98 -> 92.3272 | K96: =K97+K98 -> 695.8312
A97: 04.002.003.001 | B97: 80013 | C97: REMOÇÃO DE FORRO REMOVÍVEL | D97: m2 | E97: 4 | G97: =F97*E97 -> 0 | H97: 1.8973 | I97: =H97*E97 -> 7.5892 | J97: =H97+F97 -> 1.8973 | K97: =I97+G97 -> 7.5892
A98: 04.002.003.002 | B98: 80014 | C98: FORRO REMOVIVEL FIBRA MINERAL, PLACA BORDA QUADRADA (625X625)MM, ESPESSURA APROX. 12MM COM INDICE ABSORCAO ACUSTICA | D98: m2 | E98: 4 | F98: 150.876 | G98: =F98*E98 -> 603.504 | H98: 21.1845 | I98: =H98*E98 -> 84.738 | J98: =H98+F98 -> 172.0605 | K98: =I98+G98 -> 688.242
A99: 04.003 | C99: SALA 5 | G99: =G100+G103 -> 2374.5263 | I99: =I100+I103 -> 2180.9027 | K99: =K100+K103 -> 4555.429
A100: 04.003.001 | C100: REVESTIMENTO ARGAMASSADO | G100: =G101+G102 -> 874.52632 | I100: =I101+I102 -> 980.90268 | K100: =K101+K102 -> 1855.429
...

Sheet Cronograma FF (COM VALORES)
B2: CRONOGRAMA FINANCEIRO
A4: OBSERVAÇÕES:
B5: 1 - As informações mínimas que deverão constar no Cronograma Físico Financeiro são: - Valor e percentual
B6: de material e mão de obra referente a cada parcela, valor total da parcela, valor de material por parcela,
B7: valor de mão de obra por parcela, percentual referente a cada parcela em relação ao custo da Obra.
B8: 2 - O Cronograma acima deverá ser apresentado utilizando papel timbrado da empresa;
B9: 3 - Os itens elencados acima são referentes a obra ora em licitação, e servirão de referências para cotação.
B12: CRONOGRAMA FÍSICO-FINANCEIRO - MODELO
H13: PARCELA 01 | L13: PARCELA 02 | P13: PARCELA 03 | T13: PARCELA 04 | X13: PARCELA 05
G14: MATERIAL | I14: MÃO DE OBRA | K14: MATERIAL | M14: MÃO DE OBRA | O14: MATERIAL | Q14: MÃO DE OBRA | S14: MATERIAL | U14: MÃO DE OBRA | W14: MATERIAL | Y14: MÃO DE OBRA
A15: ITEM | B15: DISCRIMINAÇÃO | C15: MATER. TOTAL (R$) | D15: M.D.O. TOTAL (R$) | E15: TOTAL ÍTEM (R$) | F15: % | G15: (R$) | H15: % | I15: (R$) | J15: % | K15: (R$) | L15: % | M15: (R$) | N15: % | O15: (R$) | P15: % | Q15: (R$) | R15: % | S15: (R$) | T15: % | U15: (R$) | V15: % | W15: (R$) | X15: % | Y15: (R$) | Z15: %
A16: A | B16: PRÉDIO PRINCIPAL
A17: 1 | B17: ='CUSTO (COM VALORES)'!C6 -> COBERTURA | C17: ='CUSTO (COM VALORES)'!G6 -> 15500.029 | D17: ='CUSTO (COM VALORES)'!I6 -> 28405.503 | E17: =C17+D17 -> 43905.532 | F17: =(E17/E$26)*100 -> 6.1122065 | G17: =C17*H17 -> 0 | I17: =D17*J17 -> 0 | K17: =C17*L17 -> 0 | M17: =D17*N17 -> 0 | O17: =G17*P17 -> 0 | Q17: =H17*R17 -> 0 | S17: =K17*T17 -> 0 | U17: =L17*V17 -> 0 | W17: =O17*X17 -> 0 | Y17: =P17*Z17 -> 0
A18: 2 | B18: ='CUSTO (COM VALORES)'!C18 -> FACHADAS | C18: ='CUSTO (COM VALORES)'!G18 -> 115776.07 | D18: ='CUSTO (COM VALORES)'!I18 -> 39504.528 | E18: =C18+D18 -> 155280.6 | F18: =(E18/E$26)*100 -> 21.617027 | G18: =C18*H18 -> 0 | I18: =D18*J18 -> 0 | K18: =C18*L18 -> 0 | M18: =D18*N18 -> 0 | O18: =G18*P18 -> 0 | Q18: =H18*R18 -> 0 | S18: =K18*T18 -> 0 | U18: =L18*V18 -> 0 | W18: =O18*X18 -> 0 | Y18: =P18*Z18 -> 0
A19: 3 | B19: ='CUSTO (COM VALORES)'!C34 -> ÁREAS EXTERNAS | C19: ='CUSTO (COM VALORES)'!G34 -> 46886.33 | D19: ='CUSTO (COM VALORES)'!I34 -> 42646.859 | E19: =C19+D19 -> 89533.188 | F19: =(E19/E$26)*100 -> 12.464155 | G19: =C19*H19 -> 0 | I19: =D19*J19 -> 0 | K19: =C19*L19 -> 0 | M19: =D19*N19 -> 0 | O19: =G19*P19 -> 0 | Q19: =H19*R19 -> 0 | S19: =K19*T19 -> 0 | U19: =L19*V19 -> 0 | W19: =O19*X19 -> 0 | Y19: =P19*Z19 -> 0
A20: 4 | B20: ='CUSTO (COM VALORES)'!C69 -> ÁREAS INTERNAS (SUBSOLO) | C20: ='CUSTO (COM VALORES)'!G69 -> 23429.001 | D20: ='CUSTO (COM VALORES)'!I69 -> 16218.192 | E20: =C20+D20 -> 39647.193 | F20: =(E20/E$26)*100 -> 5.5193917 | G20: =C20*H20 -> 0 | I20: =D20*J20 -> 0 | K20: =C20*L20 -> 0 | M20: =D20*N20 -> 0 | O20: =G20*P20 -> 0 | Q20: =H20*R20 -> 0 | S20: =K20*T20 -> 0 | U20: =L20*V20 -> 0 | W20: =O20*X20 -> 0 | Y20: =P20*Z20 -> 0
A21: 5 | B21: ='CUSTO (COM VALORES)'!C179 -> ÁREA INTERNA (TÉRREO) | C21: ='CUSTO (COM VALORES)'!G179 -> 138405.79 | D21: ='CUSTO (COM VALORES)'!I179 -> 33018.409 | E21: =C21+D21 -> 171424.19 | F21: =(E21/E$26)*100 -> 23.864421 | G21: =C21*H21 -> 0 | I21: =D21*J21 -> 0 | K21: =C21*L21 -> 0 | M21: =D21*N21 -> 0 | O21: =G21*P21 -> 0 | Q21: =H21*R21 -> 0 | S21: =K21*T21 -> 0 | U21: =L21*V21 -> 0 | W21: =O21*X21 -> 0 | Y21: =P21*Z21 -> 0
A22: 6 | B22: ='CUSTO (COM VALORES)'!C280 -> ÁREAS INTERNAS (MEZANINO) | C22: ='CUSTO (COM VALORES)'!G280 -> 1607.4273 | D22: ='CUSTO (COM VALORES)'!I280 -> 2169.9235 | E22: =C22+D22 -> 3777.3508 | F22: =(E22/E$26)*100 -> 0.52585511 | G22: =C22*H22 -> 0 | I22: =D22*J22 -> 0 | K22: =C22*L22 -> 0 | M22: =D22*N22 -> 0 | O22: =G22*P22 -> 0 | Q22: =H22*R22 -> 0 | S22: =K22*T22 -> 0 | U22: =L22*V22 -> 0 | W22: =O22*X22 -> 0 | Y22: =P22*Z22 -> 0
A23: 7 | B23: ='CUSTO (COM VALORES)'!C293 -> ESTRUTURA SUBSOLO | C23: ='CUSTO (COM VALORES)'!G293 -> 4043.5605 | D23: ='CUSTO (COM VALORES)'!I293 -> 13199.611 | E23: =C23+D23 -> 17243.171 | F23: =(E23/E$26)*100 -> 2.400468 | G23: =C23*H23 -> 0 | I23: =D23*J23 -> 0 | K23: =C23*L23 -> 0 | M23: =D23*N23 -> 0 | O23: =G23*P23 -> 0 | Q23: =H23*R23 -> 0 | S23: =K23*T23 -> 0 | U23: =L23*V23 -> 0 | W23: =O23*X23 -> 0 | Y23: =P23*Z23 -> 0
A24: 8 | B24: ='CUSTO (COM VALORES)'!C300 -> ADMINISTRAÇÃO DE OBRA | C24: ='CUSTO (COM VALORES)'!G300 -> 50940.886 | D24: ='CUSTO (COM VALORES)'!I300 -> 146573.29 | E24: =C24+D24 -> 197514.17 | F24: =(E24/E$26)*100 -> 27.496476 | G24: =C24*H24 -> 0 | I24: =D24*J24 -> 0 | K24: =C24*L24 -> 0 | M24: =D24*N24 -> 0 | O24: =G24*P24 -> 0 | Q24: =H24*R24 -> 0 | S24: =K24*T24 -> 0 | U24: =L24*V24 -> 0 | W24: =O24*X24 -> 0 | Y24: =P24*Z24 -> 0
B26: VALOR TOTAL DO ORÇAMENTO | C26: =SUM(C17:C24) -> 396589.09 | D26: =SUM(D17:D24) -> 321736.31 | E26: =SUM(E17:E24) -> 718325.4 | F26: =SUM(F17:F24) -> 100
B28: VALOR TOTAL MATERIAL (Custo de mercado) | G28: =SUM(G17:G24) -> 0 | H28: =G28/C26 -> 0 | K28: =SUM(K17:K24) -> 0 | L28: =K28/C26 -> 0 | O28: =SUM(O17:O24) -> 0 | P28: =O28/G26 -> #DIV/0! | S28: =SUM(S17:S24) -> 0 | T28: =S28/K26 -> #DIV/0! | W28: =SUM(W17:W24) -> 0 | X28: =W28/O26 -> #DIV/0!
B29: VALOR TOTAL MÃO DE OBRA (Custo de mercado) | I29: =SUM(I17:I24) -> 0 | J29: =I29/D26 -> 0 | M29: =SUM(M17:M24) -> 0 | N29: =M29/D26 -> 0 | Q29: =SUM(Q17:Q24) -> 0 | R29: =Q29/H26 -> #DIV/0! | U29: =SUM(U17:U24) -> 0 | V29: =U29/L26 -> #DIV/0! | Y29: =SUM(Y17:Y24) -> 0 | Z29: =Y29/P26 -> #DIV/0!
B31: Valor Total de Material com BDI | C31: =+C26+C26*'CUSTO (COM VALORES)'!D330/100 -> 396589.09 | G31: =+G28+G28*'CUSTO (COM VALORES)'!D330/100 -> 0 | K31: =+K28+K28*'CUSTO (COM VALORES)'!D330/100 -> 0 | O31: =+O28+O28*'CUSTO (COM VALORES)'!D330/100 -> 0 | S31: =+S28+S28*'CUSTO (COM VALORES)'!D330/100 -> 0 | W31: =+W28+W28*'CUSTO (COM VALORES)'!D330/100 -> 0
B32: Valor Total de Mão de Obra com BDI | D32: =+D26+D26*'CUSTO (COM VALORES)'!D330/100 -> 321736.31 | I32: =+I29+I29*'CUSTO (COM VALORES)'!D330/100 -> 0 | M32: =+M29+M29*'CUSTO (COM VALORES)'!D330/100 -> 0 | Q32: =+Q29+Q29*'CUSTO (COM VALORES)'!D330/100 -> 0 | U32: =+U29+U29*'CUSTO (COM VALORES)'!D330/100 -> 0 | Y32: =+Y29+Y29*'CUSTO (COM VALORES)'!D330/100 -> 0
B33: Valor Total do Orçamento | E33: =+E26+E26*'CUSTO (COM VALORES)'!D330/100 -> 718325.4
B35: Valor Total da Parcela/Percentual da Parcela | I35: =G31+I32 -> 0 | J35: =I35/E33 -> 0 | M35: =K31+M32 -> 0 | N35: =M35/E33 -> 0 | Q35: =O31+Q32 -> 0 | R35: =Q35/I33 -> #DIV/0! | U35: =S31+U32 -> 0 | V35: =U35/M33 -> #DIV/0! | Y35: =W31+Y32 -> 0 | Z35: =Y35/Q33 -> #DIV/0!
B36: Valor total Acumulado/Percentual Acumulado | I36: =I35 -> 0 | J36: =J35 -> 0 | M36: =M35+I36 -> 0 | N36: =N35+J36 -> 0 | Q36: =Q35+M36 -> 0 | R36: =R35+N36 -> #DIV/0! | U36: =U35+Q36 -> 0 | V36: =V35+R36 -> #DIV/0! | Y36: =Y35+U36 -> 0 | Z36: =Z35+V36 -> #DIV/0!
B39: Profissional responsável pelo orçamento:
B40: Número de Registro no CREA ou CAU:
B41: Número da ART ou RRT:
E44: Assinatura

Sheet COMPOSIÇÃO
A1: 80000 | B1: SUBSTITUIÇÃO DE PARAFUSOS METÁLICOS
A2: SERVIÇO | B2: CÓDIGO SINAPI | C2: COMPOSIÇÃO | D2: Unidade | E2: Quantidade | F2: Preço Unitário | G2: Total
A3: Material | B3: 227 | C3: HASTE RETA PARA GANCHO DE FERRO GALVANIZADO, COM ROSCA 1/4 " X 30 CM PARA FIXACAO DE TELHA METALICA, INCLUI PORCA E ARRUELAS DE VEDACAO | D3: cj | E3: 1.5 | G3: =F3*E3 -> 0
A4: Serviço | B4: 8063 | C4: AJUDANTE ESPECIALIZADO COM ENCARGOS COMPLEMENTARES | D4: h | E4: 0.4 | G4: =F4*E4 -> 0
A5: Serviço | B5: 8131 | C5: TELHADISTA COM ENCARGOS COMPLEMENTARES | D5: h | E5: 0.4 | G5: =F5*E5 -> 0
F6: Preço Total | G6: =G3+G4+G5 -> 0
A8: 80001 | B8: RETIRADA RUFOS METALICOS EM COBERTURA
A9: SERVIÇO | B9: CÓDIGO SINAPI | C9: COMPOSIÇÃO | D9: Unidade | E9: Quantidade | F9: Preço Unitário | G9: Total
A10: Serviço | B10: 8125 | C10: SERVENTE COM ENCARGOS COMPLEMENTARES | D10: h | E10: 0.581 | G10: =F10*E10 -> 0
A11: Serviço | B11: 8131 | C11: TELHADISTA COM ENCARGOS COMPLEMENTARES | D11: h | E11: 0.242 | G11: =F11*E11 -> 0
F12: Preço Total | G12: =G10+G11 -> 0
A14: 80002 | B14: APLICAÇÃO DE SELANTE EM RUFOS E PARAFUSOS
A15: SERVIÇO | B15: CÓDIGO SINAPI | C15: COMPOSIÇÃO | D15: Unidade | E15: Quantidade | F15: Preço Unitário | G15: Total
A16: Material | B16: 872 | C16: SELANTE ELASTICO MONOCOMPONENTE A BASE DE POLIURETANO (PU) PARA JUNTAS DIVERSAS | D16: 310ml | E16: 0.211 | G16: =F16*E16 -> 0
A17: Serviço | B17: 8125 | C17: SERVENTE COM ENCARGOS COMPLEMENTARES | D17: h | E17: 0.3 | G17: =F17*E17 -> 0
A18: Serviço | B18: 8131 | C18: TELHADISTA COM ENCARGOS COMPLEMENTARES | D18: h | E18: 0.4 | G18: =F18*E18 -> 0
F19: Preço Total | G19: =G16+G17+G18 -> 0
A21: 80009 | B21: TRATAMENTO DE FISSURAS E TRINCAS
A22: SERVIÇO | B22: CÓDIGO SINAPI | C22: COMPOSIÇÃO | D22: Unidade | E22: Quantidade | F22: Preço Unitário | G22: Total
A23: Material | B23: 872 | C23: SELANTE ELASTICO MONOCOMPONENTE A BASE DE POLIURETANO (PU) PARA JUNTAS DIVERSAS | D23: 310ml | E23: 0.2 | G23: =F23*E23 -> 0
A24: Material | B24: 2170 | C24: LIXA EM FOLHA PARA PAREDE OU MADEIRA, NUMERO 120, COR VERMELHA | D24: Unidade | E24: 0.06 | G24: =F24*E24 -> 0
A25: Material | B25: 3303 | C25: VEU POLIESTER | D25: m2 | E25: 0.24 | G25: =F25*E25 -> 0
A26: Material | B26: 3895 | C26: MEMBRANA IMPERMEABILIZANTE ACRILICA MONOCOMPONENTE | D26: kg | E26: 0.24 | G26: =F26*E26 -> 0
A27: Material | B27: 4456 | C27: SELADOR ACRILICO OPACO PREMIUM INTERIOR/EXTERIOR | D27: l | E27: 0.33 | G27: =F27*E27 -> 0
A28: Serviço | B28: 5049 | C28: AJUDANTE DE PINTOR COM ENCARGOS COMPLEMENTARES | D28: h | E28: 0.3 | G28: =F28*E28 -> 0
A29: Serviço | B29: 8119 | C29: PINTOR COM ENCARGOS COMPLEMENTARES | D29: h | E29: 0.4 | G29: =F29*E29 -> 0
F30: Preço Total | G30: =G23+G28+G29+G24+G25+G26+G27 -> 0
A32: 80005 | B32: RETIRADA DE REVESTIMENTO DE PISO CERAMICO
A33: SERVIÇO | B33: CÓDIGO SINAPI | C33: COMPOSIÇÃO | D33: Unidade | E33: Quantidade | F33: Preço Unitário | G33: Total
A34: Serviço | B34: 8118 | C34: PEDREIRO COM ENCARGOS COMPLEMENTARES | D34: h | E34: 1.414 | G34: =F34*E34 -> 0
A35: Serviço | B35: 8125 | C35: SERVENTE COM ENCARGOS COMPLEMENTARES | D35: h | E35: 1.988 | G35: =F35*E35 -> 0
F36: Preço Total | G36: =G34+G35 -> 0
A38: 80003 | B38: HIDROJATEAMENTO
A39: SERVIÇO | B39: CÓDIGO SINAPI | C39: COMPOSIÇÃO | D39: Unidade | E39: Quantidade | F39: Preço Unitário | G39: Total
A40: Material | B40: 12444 | C40: LAVADORA JATO D'ÁGUA DE ALTA PRESSÃO | D40: h | E40: 0.11 | G40: =F40*E40 -> 0
A41: Serviço | B41: 8118 | C41: OPERADOR JATO DE AREIA OU JATISTA COM ENCARGOS COMPLEMENTARES | D41: h | E41: 0.11 | G41: =F41*E41 -> 0
A42: Serviço | B42: 8125 | C42: SERVENTE COM ENCARGOS COMPLEMENTARES | D42: h | E42: 0.005 | G42: =F42*E42 -> 0
F43: Preço Total | G43: =G41+G42+G40 -> 0
A45: 80004 | B45: PISO EM PEÇAS DE CONCRETO APLICADO EM CALÇADAS OU PISOS EXTERNOS
A46: SERVIÇO | B46: CÓDIGO SINAPI | C46: COMPOSIÇÃO | D46: Unidade | E46: Quantidade | F46: Preço Unitário | G46: Total
A47: Material | B47: 1581 | C47: REJUNTE CIMENTICIO, QUALQUER COR | D47: kg | E47: 0.14 | G47: =F47*E47 -> 0
A48: Material | B48: 2162 | C48: ARGAMASSA COLANTE TIPO AC III | D48: kg | E48: 8.62 | G48: =F48*E48 -> 0
A49: Material | B49: 3437 | C49: PLACA/PISO DE CONCRETO POROSO/ PAVIMENTO PERMEAVEL/BLOCO DRENANTE DE CONCRETO, 40 CM X 40 CM, E = 6 CM, COR NATURAL | D49: m2 | E49: 1.1 | G49: =F49*E49 -> 0
A50: Serviço | B50: 8118 | C50: OPERADOR JATO DE AREIA OU JATISTA COM ENCARGOS COMPLEMENTARES | D50: h | E50: 1.475 | G50: =F50*E50 -> 0
A51: Serviço | B51: 8125 | C51: SERVENTE COM ENCARGOS COMPLEMENTARES | D51: h | E51: 0.738 | G51: =F51*E51 -> 0
F52: Preço Total | G52: =G50+G51+G49+G48+G47 -> 0
A54: 80007 | B54: RETIRADA DE CORRIMÃO METÁLICO
A55: SERVIÇO | B55: CÓDIGO SINAPI | C55: COMPOSIÇÃO | D55: Unidade | E55: Quantidade | F55: Preço Unitário | G55: Total
A56: Serviço | B56: 8125 | C56: SERVENTE COM ENCARGOS COMPLEMENTARES | D56: h | E56: 0.244 | G56: =F56*E56 -> 0
F57: Preço Total | G57: =G56 -> 0
A59: 80006 | B59: CORRIMAO DUPLO LATERAL EM ACO INOX 304 POLIDO, COM ALTURAS DE H=0,70M E H=0,92M EM TUBO DE 1.1/2", FIXADOS EM PAREDE COM PARAFUSO E BUCHA S12
A60: SERVIÇO | B60: CÓDIGO SINAPI | C60: COMPOSIÇÃO | D60: Unidade | E60: Quantidade | F60: Preço Unitário | G60: Total
A61: Material | B61: 12445 | C61: CORRIMAO DUPLO LATERAL EM ACO INOX 304 POLIDO, COM ALTURAS DE H=0,70M E H=0,92M EM TUBO DE 1.1/2", FIXADOS EM PAREDE COM PARAFUSO E BUCHA S12 | D61: m | E61: 1.05 | G61: =F61*E61 -> 0
F62: Preço Total | G62: =G61 -> 0
A64: 80008 | B64: TRATAMENTO DE CORROSÃO DOS ELEMENTOS METÁLICOS
A65: SERVIÇO | B65: CÓDIGO SINAPI | C65: COMPOSIÇÃO | D65: Unidade | E65: Quantidade | F65: Preço Unitário | G65: Total
A66: Material | B66: 2430 | C66: LIXA D'AGUA EM FOLHA, GRAO 100 | D66: Unidade | E66: 1.3 | G66: =F66*E66 -> 0
A67: Material | B67: 4655 | C67: FUNDO ANTICORROSIVO PARA METAIS FERROSOS (ZARCAO) | D67: l | E67: 2 | G67: =F67*E67 -> 0
A68: Serviço | B68: 5049 | C68: AJUDANTE DE PINTOR COM ENCARGOS COMPLEMENTARES | D68: h | E68: 0.2 | G68: =F68*E68 -> 0
A69: Serviço | B69: 8119 | C69: PINTOR COM ENCARGOS COMPLEMENTARES | D69: h | E69: 0.4 | G69: =F69*E69 -> 0
F70: Preço Total | G70: =G68+G69+G67+G66 -> 0
A72: 80010 | B72: SUBSTITUIÇAÕ DE CABOS ELÉTRICOS POR CABO TIPO PP
A73: SERVIÇO | B73: CÓDIGO SINAPI | C73: COMPOSIÇÃO | D73: Unidade | E73: Quantidade | F73: Preço Unitário | G73: Total
A74: Material | B74: 2797 | C74: CABO MULTIPOLAR DE COBRE, FLEXIVEL, CLASSE 4 OU 5, ISOLACAO EM HEPR, COBERTURA EM PVC-ST2, ANTICHAMA BWF-B, 0,6/1 KV, 3 CONDUTORES DE 1,5 MM2 | D74: m | E74: 1.02 | G74: =F74*E74 -> 0
A75: Serviço | B75: 8066 | C75: AUXILIAR DE ELETRICISTA COM ENCARGOS COMPLEMENTARES | D75: h | E75: 0.136 | G75: =F75*E75 -> 0
A76: Serviço | B76: 8081 | C76: ELETRICISTA COM ENCARGOS COMPLEMENTARES | D76: h | E76: 0.136 | G76: =F76*E76 -> 0
F77: Preço Total | G77: =G75+G76+G74 -> 0
A79: 80011 | B79: SUBSTITUIÇÃO DE CALHAS/CANALETAS DE CONCRETO
A80: SERVIÇO | B80: CÓDIGO SINAPI | C80: COMPOSIÇÃO | D80: Unidade | E80: Quantidade | F80: Preço Unitário | G80: Total
A81: Material | B81: 743 | C81: CALHA/CANALETA DE CONCRETO SIMPLES, TIPO MEIA CANA, DIAMETRO DE 20 CM, PARA AGUA PLUVIAL | D81: m | E81: 1.05 | G81: =F81*E81 -> 0
A82: Material | B82: 7841 | C82: ARGAMASSA PRONTA PARA CONTRAPISO, PREPARO COM MISTURADOR DE EIXO HORIZONTAL DE 160 KG. AF_08/2019 | D82: m3 | E82: 0.3438 | G82: =F82*E82 -> 0
A83: Serviço | B83: 8118 | C83: PEDREIRO COM ENCARGOS COMPLEMENTARES | D83: h | E83: 0.2 | G83: =F83*E83 -> 0
A84: Serviço | B84: 8125 | C84: SERVENTE COM ENCARGOS COMPLEMENTARES | D84: h | E84: 0.6 | G84: =F84*E84 -> 0
F85: Preço Total | G85: =G83+G84+G81 -> 0
A87: 80012 | B87: ATERRO COMPACTADO MEIO MANUAL COM SAIBRO/ARENOSO
A88: SERVIÇO | B88: CÓDIGO SINAPI | C88: COMPOSIÇÃO | D88: Unidade | E88: Quantidade | F88: Preço Unitário | G88: Total
A89: Material | B89: 4637 | C89: TERRA VEGETAL (GRANEL) | D89: m3 | E89: 1.3 | G89: =F89*E89 -> 0
A90: Serviço | B90: 8125 | C90: SERVENTE COM ENCARGOS COMPLEMENTARES | D90: h | E90: 5.122 | G90: =F90*E90 -> 0
F91: Preço Total | G91: =G90+G89 -> 0
A93: 80013 | B93: REMOÇÃO DE FORRO REMOVÍVEL
A94: SERVIÇO | B94: CÓDIGO SINAPI | C94: COMPOSIÇÃO | D94: Unidade | E94: Quantidade | F94: Preço Unitário | G94: Total
A95: Serviço | B95: 8118 | C95: PEDREIRO COM ENCARGOS COMPLEMENTARES | D95: h | E95: 0.0258 | G95: =F95*E95 -> 0
A96: Serviço | B96: 8125 | C96: SERVENTE COM ENCARGOS COMPLEMENTARES | D96: h | E96: 0.0507 | G96: =F96*E96 -> 0
F97: Preço Total | G97: =G96+G95 -> 0
A99: 80014 | B99: FORRO REMOVIVEL FIBRA MINERAL, PLACA BORDA QUADRADA (625X625)MM, ESPESSURA APROX. 12MM COM INDICE ABSORCAO ACUSTICA
A100: SERVIÇO | B100: CÓDIGO SINAPI | C100: COMPOSIÇÃO | D100: Unidade | E100: Quantidade | F100: Preço Unitário | G100: Total
A101: Material | B101: 3031 | C101: FORRO DE FIBRA MINERAL EM PLACAS DE 625 X 625 MM, E = 15 MM, BORDA RETA, COM PINTURA ANTIMOFO, APOIADO EM PERFIL DE ACO GALVANIZADO COM 24 MM DE BASE - INSTALADO | D101: m2 | E101: 1.2466 | G101: =F101*E101 -> 0
A102: Serviço | B102: 8092 | C102: MONTADOR DE ESTRUTURA METÁLICA COM ENCARGOS COMPLEMENTARES | D102: h | E102: 0.4566 | G102: =F102*E102 -> 0
A103: Serviço | B103: 8125 | C103: SERVENTE COM ENCARGOS COMPLEMENTARES | D103: h | E103: 0.4566 | G103: =F103*E103 -> 0
F104: Preço Total | G104: =G103+G102+G101 -> 0
A106: 80015 | B106: LIMPEZA MANUAL COM HIPOCLORITO DE SÓDIO
A107: SERVIÇO | B107: CÓDIGO SINAPI | C107: COMPOSIÇÃO | D107: Unidade | E107: Quantidade | F107: Preço Unitário | G107: Total
A108: Material | B108: 1468 | C108: ACIDO CLORIDRICO / ACIDO MURIATICO, DILUICAO 10% A 12% PARA USO EM LIMPEZA | D108: l | E108: 0.005 | G108: =F108*E108 -> 0
A109: Serviço | B109: 5049 | C109: AJUDANTE DE PINTOR COM ENCARGOS COMPLEMENTARES | D109: h | E109: 0.1 | G109: =F109*E109 -> 0
F110: Preço Total | G110: =G109+G108 -> 0
A112: 80016 | B112: PLACA FOTOLUMINESCENTE EXTINTOR INCENDIO PQS 21x21cm
A113: SERVIÇO | B113: CÓDIGO SINAPI | C113: COMPOSIÇÃO | D113: Unidade | E113: Quantidade | F113: Preço Unitário | G113: Total
A114: Material | B114: 12446 | C114: PLACA DE SINALIZACAO FOTOLUMINESCENTE EXTINTOR INCENDIO 20x20cm NBR 13434-2:2004 | D114: Unidade | E114: 1 | G114: =F114*E114 -> 0
A115: Serviço | B115: 8125 | C115: SERVENTE COM ENCARGOS COMPLEMENTARES | D115: h | E115: 0.273 | G115: =F115*E115 -> 0
F116: Preço Total | G116: =G115+G114 -> 0
...
